 Dungeon Crawl Stone Soup version 0.27-a0-1181-g5f64966fcc (webtiles) character file.

Game seed: 17502938211876739459

2263 Wyvernaa the Grappler (level 9, 0/67 HPs)
             Began as a Yellow Draconian Transmuter on May 17, 2021.
             Was an Initiate of Makhleb.
             Slain by a wyvern (14 damage)
             ... on level 9 of the Dungeon.
             The game lasted 00:22:31 (7049 turns).

Wyvernaa the Grappler (Yellow Draconian Transmuter) Turns: 7049, Time: 00:22:31

Health: 0/67       AC:  8    Str: 20    XL:     9   Next: 15%
Magic:  16/17      EV: 13    Int: 15    God:    Makhleb [......]
Gold:   571        SH:  0    Dex: 12    Spells: 17/18 levels left

rFire    . . .     SeeInvis .     - Unarmed
rCold    . . .     Faith    .   (no shield)
rNeg     . . .     Spirit   .   (armour unavailable)
rPois    .         Reflect  .   (helmet currently unavailable)
rElec    .         Harm     .   k - +0 cloak
rCorr    +         Rampage  .   (no gloves)
Will     .....                  (boots currently unavailable)
Stlth    ++........             (no amulet)
HPRegen  0.21/turn              o - +4 ring of slaying
MPRegen  0.15/turn              q - +6 ring of strength

@: appendages
A: horns 2, talons 2, spit acid, AC +7, unfitting armour, cold-blooded, acid
resistance
a: Breathe Acid, End Transformation, Renounce Religion


You were on level 9 of the Dungeon.
You worshipped Makhleb.
Makhleb was noncommittal.
You had temporarily grown beastly horns and talons.
You visited 2 branches of the dungeon, and saw 9 of its levels.
You also visited: Sewer.

You collected 571 gold pieces.

Inventory:

Missiles
 m - a curare-tipped dart
 p - 2 atropa-tipped darts
Armour
 f - a +0 pair of boots (melded)
 k - a +0 cloak (worn)
Jewellery
 h - an amulet of faith
 o - a +4 ring of slaying (left hand)
 q - a +6 ring of strength (right hand)
 u - a ring of ice
 w - a ring of protection from fire
 x - a ring of wizardry
 C - a +6 ring of strength
Wands
 j - a wand of polymorph (3)
 y - a wand of flame (22)
 A - a wand of charming (7)
Scrolls
 a - 2 scrolls of blinking
 c - a scroll of immolation
 d - 3 scrolls of teleportation
 e - 3 scrolls of fog
 i - a scroll of amnesia
 t - a scroll of enchant weapon
Potions
 b - 9 potions of curing
 g - 2 potions of brilliance {unknown}
 l - a potion of degeneration {unknown}
 n - 5 potions of flight {unknown}
 r - 5 potions of heal wounds {unknown}
 s - 2 potions of haste
 v - a potion of berserk rage {unknown}
 z - a potion of mutation {unknown}
 B - a potion of cancellation {unknown}


   Skills:
 + Level 2.2 Fighting
 + Level 3.7 Dodging
 + Level 3.8 Stealth
 + Level 8.2 Unarmed Combat
 + Level 5.4 Spellcasting
 + Level 5.4 Transmutations


You had 17 spell levels left.
You knew the following spells:

 Your Spells              Type           Power      Damage    Failure   Level
a - Beastly Appendage     Tmut           40%        N/A       1%          1

Your spell library contained the following spells:

 Spells                   Type           Power      Damage    Failure   Level
 Wereblood                Tmut           20%        N/A       2%          2
 Passwall                 Tmut/Erth      10%        N/A       8%          2
 Corona                   Hex            4%         N/A       16%         1
 Freeze                   Ice            16%        1d4       16%         1
 Sandblast                Erth           8%         2d5       16%         1
 Spider Form              Tmut/Pois      6%         N/A       16%         3
 Ensorcelled Hibernation  Hex/Ice        8%         N/A       24%         2
 Confusing Touch          Hex            4%         N/A       43%         3
 Dazzling Flash           Conj/Hex       8%         N/A       43%         3
 Frozen Ramparts          Ice            8%         1d2       43%         3
 Ozocubu's Armour         Ice            4%         N/A       43%         3
 Stone Arrow              Conj/Erth      8%         3d7       43%         3
 Tukima's Dance           Hex            4%         N/A       43%         3
 Hydra Form               Tmut           10%        N/A       43%         5
 Ice Form                 Ice/Tmut       12%        N/A       45%         4
 Petrify                  Tmut/Erth      12%        N/A       45%         4
 Hailstorm                Conj/Ice       4%         3d4       83%         4
 Lee's Rapid Deconstruct  Erth           2%         3d5*      99%         5
 Metabolic Englaciation   Hex/Ice        2%         N/A       99%         5


Dungeon Overview and Level Annotations

Branches:
Dungeon (7/15)             Temple (1/1) D:6           Sewer (visited)

Altars:
Ashenzari
Dithmenos
Fedhas
Gozag
Hepliaklqana
Kikubaaqudgha
Makhleb
Okawaru
Qazlal
The Shining One

Shops:
D:3 *(*([   D:4 (

Annotations:
D:6 3 runed translucent doors, Likado's ghost, novice DjFE


Innate Abilities, Weirdness & Mutations

You have temporarily grown beastly horns and talons.
You can spit globs of acid.
Your golden yellow scales are hard. (AC +7)
You cannot fit into any form of body armour.
You are cold-blooded and may be slowed by cold attacks.
You are resistant to acid. (rCorr)


Message History

Your transformation is almost over.
An orc is nearby!
Okay, then.
An orc is nearby!
You punch the orc!
You kill the orc!
Makhleb accepts your kill.
Your horns disappear.
Your talons disappear.
Your +0 pair of boots unmelds from your body.
Things that are here:
a +0 flail; an orc corpse You start resting.
You have got your breath back.
You start resting.
A wyvern comes into view.
You see here a +0 flail.
You start resting.
A kobold demonologist comes into view. It is wielding a +3 dagger.
You see here a +0 flail.
Things that are here:
a +0 flail; an orc corpse
Casting: Beastly Appendage (safe; 1% risk of failure)
Confirm with . or Enter, or press ? or * to list all spells.
You grow a pair of large bovine horns.
Your feet morph into talons.
Your +0 pair of boots melds into your body.
The wyvern hisses menacingly.
The wyvern barely misses you. The wyvern misses you.
You barely miss the wyvern. You claw the wyvern.
The wyvern is lightly wounded.
The wyvern bites you!
* * * LOW HITPOINT WARNING * * *
You hit the wyvern. Your punch misses the wyvern.
The wyvern is moderately wounded.
The wyvern misses you.
You hit the wyvern. You claw the wyvern.
The wyvern is heavily wounded.
The wyvern bites you.
* * * LOW HITPOINT WARNING * * *
The wyvern bites you!
You die...

........###.#..>....
.........'..#.......
.........####.......
#........## #.......
##........# #.....
#..###...###... #.
#....##.#
##.#+#l...)).#
#....@...)#.#
#........##.#
#.#≈.....###.#
#≈..#+## #.# #≈≈.
#.# #.≈. #.# #P..
#K# ##.. #.# #.#


You could see a wyvern.

Vanquished Creatures
  A steam dragon (D:9)
  2 orc warriors (D:9)
  2 necrophages (D:5)
  2 ice beasts (D:6)
  A black bear (D:4)
  2 ogres (D:6)
  A centaur (D:6)
  3 kobold brigands
  Blork the orc (D:4)
  4 scorpions
  A killer bee (D:9)
  4 hounds
  A bullfrog skeleton (D:6)
  3 orc priests
  A centaur skeleton (D:4)
  2 iguanas
  Terence (D:2)
  Natasha (thrice) (D:2)
  2 orc wizards (D:6)
  A killer bee zombie (D:6)
  4 adders
  3 river rats (Sewer)
  2 white imps
  A dart slug (D:3)
  11 orcs
  3 endoplasms
  8 giant cockroaches
  9 goblins
  8 hobgoblins
  2 jackals (D:3)
  5 quokkas
  15 ball pythons
  7 bats
  24 kobolds
  30 rats
170 creatures vanquished.

Notes
Turn   | Place    | Note
-------+----------+-------------------------------------------
     0 | D:1      | Wyvernaa the Draconian Transmuter began the quest for the
                  | Orb.
     0 | D:1      | Reached XP level 1. HP: 16/16 MP: 3/3
   285 | D:1      | Reached XP level 2. HP: 23/23 MP: 3/5
   865 | D:2      | Noticed Natasha
   873 | D:2      | Killed Natasha
   874 | D:2      | Reached XP level 3. HP: 17/28 MP: 4/6
   965 | D:2      | Noticed Natasha
   979 | D:2      | Killed Natasha
   980 | D:2      | Reached skill level 1 in Stealth
   980 | D:2      | Reached skill level 4 in Unarmed Combat
   980 | D:2      | Reached XP level 4. HP: 5/35 MP: 7/7
  1054 | D:2      | Noticed Natasha
  1277 | D:2      | Killed Natasha
  1689 | D:2      | Noticed Terence
  1706 | D:2      | Killed Terence
  1707 | D:2      | Reached XP level 5. HP: 13/40 MP: 9/9
  2102 | D:3      | Found Ryzxum's General Store.
  2140 | D:3      | Found Uloan's Antique Weapon Shop.
  2267 | D:3      | Found a faded altar of an unknown god.
  2303 | D:3      | Found Fuit's Armour Emporium.
  2348 | D:3      | Found Sid Qut's Antique Weapon Emporium.
  2348 | D:3      | Found Duoceyse's General Store.
  2951 | D:4      | Found Ulamu's Antique Weapon Boutique.
  2984 | D:4      | Noticed a black bear
  2991 | D:4      | Killed a black bear
  2992 | D:4      | Reached skill level 5 in Unarmed Combat
  2992 | D:4      | Reached XP level 6. HP: 17/47 MP: 8/10
  3818 | D:4      | Noticed Blork the orc
  3823 | D:4      | Killed Blork the orc
  4169 | D:5      | Entered Level 5 of the Dungeon
  4184 | D:5      | Your scales start taking on a golden yellow colour.
  4184 | D:5      | Reached XP level 7. HP: 52/52 MP: 10/12
  4184 | D:5      | Gained mutation: You are resistant to acid. (rCorr) [Yellow
                  | Draconian growth]
  4186 | D:5      | Reached skill level 6 in Unarmed Combat
  4259 | D:5      | Found a glowing drain.
  4280 | Sewer    | Entered a sewer
  5268 | D:5      | Reached XP level 8. HP: 45/60 MP: 12/14
  5781 | D:6      | Reached skill level 7 in Unarmed Combat
  6346 | D:6      | Found a staircase to the Ecumenical Temple.
  6351 | D:6      | Reached skill level 5 in Spellcasting
  6359 | Temple   | Entered the Ecumenical Temple
  6373 | Temple   | Became a worshipper of Makhleb the Destroyer
  6466 | D:6      | Noticed a kobold demonologist
  6467 | D:6      | Noticed Likado's ghost (novice DjFE)
  6469 | D:6      | Found a runed translucent gate.
  6469 | D:6      | Found a runed translucent gate.
  6469 | D:6      | Found a runed translucent gate.
  6578 | D:6      | Reached skill level 5 in Transmutations
  6872 | D:6      | Identified a scroll of acquirement
  6886 | D:6      | Acquired 376 gold pieces
  6931 | D:7      | You fall into a shaft and drop 2 floors!
  6953 | D:9      | Reached skill level 8 in Unarmed Combat
  6953 | D:9      | Reached XP level 9. HP: 64/67 MP: 14/16
  7038 | D:9      | Noticed a kobold demonologist
  7049 | D:9      | Slain by a wyvern

Illustrated notes

Levels and vault maps discovered:
D:1:      roderic_octagonal_star, layout_basic
D:2:      layout_rooms, grunt_ministairs_6, uniq_terence, uniq_natasha
D:3:      layout_rooms, serial_shops, shop, nicolae_shop_statue_plus, shop,
          shop_fountains, nicolae_shop_trees,
          ebering_ecumenical_altar_sacrificial, amcnicky_mini_pool_small
D:4:      layout_layer_cave, serial_shops, nicolae_shop_overgrown_old_shop,
          uniq_blork_the_orc
D:5:      layout_loops_ring, portal_sewer_entry_f
D:6:      minmay_spotlight, layout_basic, minmay_temple_entry_mist,
          gammafunk_ghost_nasty_kobolds
D:7:      layout_rooms
D:9:      wad_cavern_with_rooms, layout_irregular_city, david_lair_generic,
          david_orc_3, serial_bayou_ford_a
Temple:   compressed_dpeg_circular_temple

Skill      XL: |  1  2  3  4  5  6  7  8 |
---------------+-------------------------+-----
Stealth        | 1 2 3 |  3.8
Unarmed Combat | 4 5 6 8 |  8.2
Dodging        | 2 3 |  3.7
Spellcasting   | 3 4 5 |  5.4
Transmutations | 3 4 5 |  5.4
Fighting       | 2 |  2.2

Action                   |  1- 3 |  4- 6 |  7- 9 || total
-------------------------+-------+-------+-------++-------
Melee: Unarmed           |    74 |   134 |   150 ||   358
       Tailslap          |     9 |    10 |    12 ||    31
       Headbutt          |     6 |    16 |    20 ||    42
       Kick              |     9 |    25 |    39 ||    73
       Punch             |       |     3 |     3 ||     6
 Cast: Beastly Appendage |    11 |    30 |    28 ||    69
 Abil: Breathe Acid      |       |       |    19 ||    19
  Use: Potion            |       |     4 |       ||     4
       Scroll            |       |    10 |     2 ||    12
 Stab: Sleeping          |     1 |     3 |     4 ||     8
Armor: Skin              |    25 |    34 |    50 ||   109
Dodge: Dodged            |    55 |    84 |    86 ||   225

Table legend: (Time is in decaauts)
 A = Elapsed time spent in this place.
 B = Non-inter-level travel time spent in this place.
 C = Inter-level travel time spent in this place.
 D = Time resting spent in this place.
 E = Time spent auto-exploring this place.
 F = Levels seen in this place.
 G = Mean time per level.
                   A        B        C        D        E       F      G
               +--------+--------+--------+--------+--------+-----+--------+
         Total |   7003 |   6894 |    109 |    898 |   4580 |  10 |  700.3 |
       Dungeon |   6141 |   6032 |    109 |    621 |   4258 |   8 |  767.6 |
        Temple |     28 |     28 |      0 |      0 |      0 |   1 |   28.0 |
         Sewer |    833 |    833 |      0 |    277 |    321 |   1 |  833.0 |
               +--------+--------+--------+--------+--------+-----+--------+

Top non-repeatable levels by time:
     D:4: 1514 daAuts
     D:2: 1289 daAuts
     D:6: 1113 daAuts
   Sewer: 833 daAuts
     D:5: 773 daAuts
     D:1: 771 daAuts
     D:3: 547 daAuts
     D:9: 115 daAuts
  Temple: 28 daAuts
     D:7: 17 daAuts
